 Dungeon Crawl Stone Soup version 0.24.0-3-g28a8eb0610 (webtiles) character file.

Game seed: 8269882653909621438, levelgen mode: deterministic

79 Emblim88 the Shooter (level 4, -1/38 HPs)
             Began as a Centaur Hunter on Nov 1, 2019.
             Killed from afar by an orc wizard (5 damage)
             ... with a puff of flame
             ... on level 2 of the Dungeon.
             The game lasted 00:02:12 (1096 turns).

Emblim88 the Shooter (Centaur Hunter)               Turns: 1096, Time: 00:02:13

Health: -1/38      AC:  4    Str: 14    XL:     4   Next: 17%
Magic:  4/4        EV:  9    Int: 10    God:
Gold:   126        SH:  0    Dex: 11    Spells: 3/3 levels left

rFire    . . .     SeeInvis .   b - +0 short sword
rCold    . . .     Gourm    .   (no shield)
rNeg     + . .     Faith    .   c - +0 leather armour
rPois    .         Spirit   .   (no helmet)
rElec    .         Reflect  .   (no cloak)
rCorr    .         Harm     .   (no gloves)
MR       .....                  (no barding)
Stlth    +.........             (no amulet)
HPRegen  0.12/turn              e - ring of positive energy
MPRegen  0.09/turn              (no ring)

@: very quick
A: large, hooves 3, deformed body, speed 2, tough skin 3
a: no special abilities


You were on level 2 of the Dungeon.
You were not hungry.

You visited 1 branch of the dungeon, and saw 2 of its levels.

You collected 126 gold pieces.

Inventory:

Hand Weapons
 a - a +1 shortbow
 b - a +0 short sword (weapon)
Armour
 c - a +0 leather armour (worn)
Jewellery
 e - a ring of positive energy (left hand)
 m - an uncursed ring of ice {unknown}
Scrolls
 i - a scroll of enchant armour {unknown}
 j - 4 scrolls of amnesia {unknown}
 k - 5 scrolls of identify {unknown}
 l - a scroll of noise {unknown}
 n - a scroll of fog {unknown}
 p - 3 scrolls of teleportation {unknown}
Potions
 g - a potion of heal wounds {unknown}
 h - 3 potions of brilliance {unknown}
 o - a potion of invisibility {unknown}
 q - a potion of might {unknown}
Comestibles
 f - 4 rations


   Skills:
 + Level 3.4 Fighting
 + Level 6.5 Bows
 - Level 1.3 Dodging
 - Level 0.4 Stealth


You had 3 spell levels left.
You didn't know any spells.
Your spell library was empty.

Dungeon Overview and Level Annotations

Branches:
Dungeon (2/15)

Altars:
Dithmenos
Wu Jian


Innate Abilities, Weirdness & Mutations

You have hooves in place of feet.
Armour fits poorly on your strangely shaped body.
You cover ground very quickly.
You have extremely tough skin. (AC +3)


Message History

Reactivating autopickup.
You have reached level 4!
You feel agile.
You feel a bit more experienced.
The orc wizard casts a spell.
The orc wizard blinks!
The orc wizard barely misses you.
Things that are here:
a +1 dagger of speed; a +0 robe; an orc corpse You closely miss the orc wizard.
Your kick misses the orc wizard.
The orc wizard is almost dead.
The orc wizard completely misses you. The orc wizard casts a spell at you.
The magic dart hits you.
* * * LOW HITPOINT WARNING * * *
You hit the orc wizard.
The orc wizard is almost dead.
The orc wizard casts a spell at you. The puff of flame hits you.
You die...

###########
#)(..o@.o.#
#(#######.#
#.# ###.#
#.#.#
#.#.#####
#.†.....#
#.#.###.#
#.#.....#


You could see 2 orc wizards.

Vanquished Creatures
  Natasha (D:2)
  An ooze (D:1)
  A worm (D:2)
  2 dart slugs
  A leopard gecko (D:1)
  An orc (D:2)
  4 goblins
  2 hobgoblins
  A quokka (D:2)
  6 bats
  2 frilled lizards (D:2)
  3 kobolds
  4 rats
29 creatures vanquished.

Vanquished Creatures (others)
  An orc wizard (D:2)
1 creature vanquished.

Grand Total: 30 creatures vanquished

Notes
Turn   | Place    | Note
-------+----------+-------------------------------------------
     0 | D:1      | Emblim88 the Centaur Hunter began the quest for the Orb.
     0 | D:1      | Reached XP level 1. HP: 17/17 MP: 1/1
   167 | D:1      | Reached XP level 2. HP: 14/25 MP: 2/2
   509 | D:2      | Reached skill level 6 in Bows
   541 | D:2      | Reached XP level 3. HP: 26/30 MP: 3/3
   580 | D:2      | Found an ornate altar of the Wu Jian Council.
   649 | D:2      | Found a shadowy altar of Dithmenos.
  1077 | D:2      | Noticed Natasha
  1080 | D:2      | Killed Natasha
  1093 | D:2      | Reached XP level 4. HP: 7/38 MP: 4/4
  1096 | D:2      | Killed from afar by an orc wizard

Levels and vault maps discovered:
D:1:      enne_arrival_octagon_isle, layout_basic
D:2:      layout_basic, old_standard_altar, grunt_dithmenos_smoke_and_mirrors,
          minmay_tetromino_o4, uniq_natasha

Skill      XL: |  1  2  3 |
---------------+----------+-----
Bows           | 6 |  6.5
Fighting       | 3 |  3.4
Dodging        | |  1.3
Stealth        | |  0.4

Action                   |  1- 3 |  4- 6 || total
-------------------------+-------+-------++-------
Melee: Short sword       |    15 |     2 ||    17
       Kick              |     2 |       ||     2
 Fire: Shortbow          |    86 |       ||    86
Armor: Leather armour    |    15 |       ||    15
Dodge: Dodged            |    12 |     2 ||    14
